 Dungeon Sprint DCSS version bcrawl-1.20.1-3-gdcb1fc31ed (webtiles) character file.

Game seed: 194165017577407605

84 Freyura the Ruffian (level 4, -13/49 HPs)
             Began as a Troll Fighter on Jan 29, 2020.
             Was a Follower of Jiyva.
             Mangled by a cyclops (30 damage)
             ... in the Dungeon (Sprint IX: "|||||||||||||||||||||||||||||").
             The game lasted 00:02:45 (205 turns).

Freyura the Ruffian (Troll Fighter)                  Turns: 205, Time: 00:02:45

Health: -13/49     AC:  5    Str: 27    XL:     4   Next: 24%
Magic:  3/3        EV:  8    Int:  5    God:    Jiyva [*.....]
Gold:   0          SH:  9    Dex: 13    Spells: 3/3 levels left

rFire    . . .     SeeInvis .     - Unarmed
rCold    . . .     Gourm    +   a - +0 shield
rNeg     . . .     Faith    .   (armour unavailable)
rPois    .         Spirit   .   (helmet restricted)
rElec    .         Reflect  .   (no cloak)
rCorr    .         Harm     .   (gloves unavailable)
MR       .....     NoTele   +   (boots unavailable)
Stlth    +.........             (no amulet)
HPRegen  0.56/turn              o - +3 ring of dexterity
MPRegen  0.08/turn              p - +3 ring of strength

@: no status effects
A: large, almost no armour, unfitting armour, claws 3, fast metabolism 3,
gourmand, regeneration 1, AC +5
a: Request Jelly, Renounce Religion


You were in the Dungeon.
You worshipped Jiyva.
Jiyva was aware of your devotion.
You were full.

You visited 1 branch

Inventory:

Armour
 a - a +0 shield (worn)
Jewellery
 o - a +3 ring of dexterity (left claw)
 p - a +3 ring of strength (right claw)
Wands
 l - a wand of iceblast (10)
Scrolls
 i - 2 scrolls of blinking
 j - 3 scrolls of remove curse
 k - 2 scrolls of amnesia
Potions
 b - a potion of might
 c - 3 potions of heal wounds
 d - 5 potions of curing
 f - a potion of haste
 g - 4 potions of magic
 h - a potion of invisibility
Comestibles
 e - 2 rations {!d}


   Skills:
 + Level 4.7 Fighting
 - Level 2.4 Dodging
 - Level 2.0 Shields
 * Level 7.1 Unarmed Combat
 + Level 0.0 Invocations


You had 3 spell levels left.
You didn't know any spells.
Your spell library was empty.

Dungeon Overview and Level Annotations

Branches:
Dungeon (1/1)

Altars:
Cheibriados
Dithmenos
Elyvilon
Fedhas
Gozag
Hepliaklqana
Kikubaaqudgha
Lugonu
Makhleb
Nemelex Xobeh
Okawaru
Qazlal
Ru
Sif Muna
Trog
Uskayaw
Vehumet
Wu Jian
Xom
Yredelemnul
Zin
The Shining One
Beogh
Jiyva


Innate Abilities, Weirdness & Mutations

You cannot wear most types of armour.
Your thick skin is tough. (AC +5)
You are too large for most types of armour.
You have claws for hands.
Your metabolism is lightning-fast.
You like to eat raw meat.
Your natural rate of healing is unusually fast.


Message History

The cyclops is lightly wounded.
You block the cyclops's attack.
You claw the cyclops!
The cyclops is moderately wounded.
You scratch the cyclops.
The cyclops is moderately wounded.
The cyclops hits you.
You scratch the cyclops.
The cyclops is moderately wounded.
The cyclops hits you!
You mangle the cyclops!!
The cyclops is severely wounded.
You scratch the cyclops but do no damage.
The cyclops is severely wounded.
The cyclops hits you but does no damage.
You claw the cyclops!
The cyclops is almost dead.
The cyclops hits you!!
Ouch! That really hurt!
You die... ▓▓▓▓▓▓▓▓▓▓▓▓▓▓▓▓▓▓▓▓▓▓▓▓ ______'[........@CYaThT+ ▓▓▓▓▓▓▓▓▓▓▓▓▓▓▓▓▓▓▓▓▓▓▓▓

You could see a cyclops, a yak, 2 trolls, a black bear and a worker ant.

Vanquished Creatures
  A centaur (D)
  An orc (D)
  A bat skeleton (D)
  2 goblins (D)
  A quokka (D)
  A bat (D)
  A kobold (D)
  A leopard gecko zombie (D)
  A rat (D)
10 creatures vanquished.

Vanquished Creatures (others)
  A great orb of eyes (D)
  2 glowing orange brains (D)
  A slime creature (D)
  A naga (shapeshifter) (D)
5 creatures vanquished.

Grand Total: 15 creatures vanquished

Notes
Turn   | Place    | Note
-------+----------+-------------------------------------------
     0 | D        | Freyura the Troll Fighter began the quest for the Orb.
     0 | D        | Reached XP level 1. HP: 22/22 MP: 0/0
    13 | D        | Reached skill level 3 in Unarmed Combat
    23 | D        | Noticed a centaur
    30 | D        | Killed a centaur
    30 | D        | Reached skill level 7 in Unarmed Combat
    30 | D        | Reached XP level 2. HP: 33/33 MP: 1/1
    30 | D        | Reached XP level 3. HP: 40/40 MP: 2/2
    30 | D        | Gained mutation: Your natural rate of healing is unusually
                  | fast. [Troll growth]
    30 | D        | Reached XP level 4. HP: 49/49 MP: 3/3
    39 | D        | Found a roughly hewn altar of Beogh.
    39 | D        | Found a snail-covered altar of Cheibriados.
    39 | D        | Found a shadowy altar of Dithmenos.
    39 | D        | Found a white marble altar of Elyvilon.
    39 | D        | Found a blossoming altar of Fedhas.
    39 | D        | Found an opulent altar of Gozag.
    40 | D        | Found a hazy altar of Hepliaklqana.
    41 | D        | Found a viscous altar of Jiyva.
    42 | D        | Found an ancient bone altar of Kikubaaqudgha.
    43 | D        | Found a corrupted altar of Lugonu.
    44 | D        | Found a burning altar of Makhleb.
    83 | D        | Found a sparkling altar of Nemelex Xobeh.
    90 | D        | Found an iron altar of Okawaru.
    91 | D        | Found a stormy altar of Qazlal.
    92 | D        | Found a sacrificial altar of Ru.
    93 | D        | Found a shimmering blue altar of Sif Muna.
    94 | D        | Found a bloodstained altar of Trog.
    95 | D        | Found a hide-covered altar of Uskayaw.
    96 | D        | Found a radiant altar of Vehumet.
    97 | D        | Found an ornate altar of the Wu Jian Council.
    98 | D        | Found a shimmering altar of Xom.
    99 | D        | Found a basalt altar of Yredelemnul.
   100 | D        | Found a glowing silver altar of Zin.
   101 | D        | Found a glowing golden altar of the Shining One.
   157 | D        | Became a worshipper of Jiyva Jawohipt the Shapeless
   159 | D        | Killed a slime creature
   163 | D        | Killed a great orb of eyes
   168 | D        | Killed a glowing orange brain
   176 | D        | Killed a naga
   180 | D        | Killed a glowing orange brain
   196 | D        | Noticed a cyclops
   196 | D        | Noticed a yak
   196 | D        | Noticed a troll
   196 | D        | Noticed a black bear
   196 | D        | Noticed a troll
   205 | D        | Mangled by a cyclops

Skill      XL: |  1 |
---------------+----+-----
Unarmed Combat | 7 |  7.1
Fighting       | 4 |  4.7
Dodging        | |  2.4
Shields        | |  2.0

Action                   |  1- 3 |  4- 6 || total
-------------------------+-------+-------++-------
Melee: Unarmed           |    18 |    11 ||    29
  Use: Potion            |     1 |       ||     1
  Eat: Chunk             |       |     4 ||     4
Armor: Skin              |       |     1 ||     1
Dodge: Dodged            |     3 |     1 ||     4
Block: Shield            |    12 |     2 ||    14
